 Dungeon Crawl Stone Soup version 0.28-a0-863-g8cecda6153 (webtiles) character file.

Game seed: 13596396823893003992

0 meatgazer the Skirmisher (level 1, -20/18 HPs)
             Began as a Demonspawn Abyssal Knight on Nov 17, 2021.
             Was a Follower of Lugonu.
             Demolished by a tentacled starspawn (38 damage)
             ... on level 1 of the Abyss.
             The game lasted 00:00:32 (213 turns).

meatgazer the Skirmisher (Demonspawn Abyssal Knight) Turns: 213, Time: 00:00:33

Health: -20/18     AC:  3    Str: 13      XL:     1   Next: 0%
Magic:  2/2        EV: 11    Int:  9 (11) God:    Lugonu [*.....]
Gold:   11         SH:  0    Dex: 13      Spells: 0/0 levels left

rFire   . . .      SeeInvis .   a - +1 mace
rCold   . . .      Faith    .   (no shield)
rNeg    . . .      Spirit   .   b - +0 leather armour
rPois   .          Reflect  .   (no helmet)
rElec   .          Harm     .   (no cloak)
rCorr   .          Rampage  .   (no gloves)
Will    .....                   (no boots)
Stlth   +.........              (no amulet)
HPRegen 0.06/turn               (no ring)
MPRegen 0.08/turn               (no ring)

@: no status effects
A: no striking features
a: Renounce Religion, Depart the Abyss


You were on level 1 of the Abyss.
You worshipped Lugonu.
Lugonu was aware of your devotion.
You visited 0 branches of the dungeon, and saw 0 of its levels.
You visited the Abyss 1 time.

You collected 11 gold pieces.

Inventory:

Hand Weapons
 a - a +1 mace (weapon)
Armour
 b - a +0 leather armour (worn)


   Skills:
 + Level 3.0 Fighting
 + Level 1.7 Maces & Flails
 + Level 1.7 Armour
 + Level 0.8 Dodging
 + Level 2.4 Invocations


You couldn't memorise any spells.
You didn't know any spells.
Your spell library was empty.

Dungeon Overview and Level Annotations

Branches:
Dungeon (0/15)

Altars:


Message History

You feel strangely unstable.
You feel the power of the Abyss delaying your translocation!
It was a scroll of teleportation.
The neqoxec gestures at you.
You feel dopey. Something feeds on your intellect!
You are suddenly pulled into a different region of the Abyss!
c - a sedimented green potion
d - a scroll labelled ONUW MIRINU A tentacled starspawn comes into view.
A tentacle flies out from the starspawn's body!
A starspawn tentacle comes into view.
As you read the scroll labelled ONUW MIRINU, it crumbles to dust.
The creatures around you are filled with an inner flame!
It was a scroll of immolation.
It was a potion of ambrosia.
You are confused.
You feel invigorated.
A starspawn tentacle comes into view.
You bump into the stone wall.
The starspawn tentacle grabs you. The starspawn tentacle constricts you.
You bump into the stone wall.
The starspawn tentacle loses its grip on you.
The tentacle pulls you backwards! The starspawn tentacle grabs you.
The starspawn tentacle constricts you.
You bump into the rock wall.
A tentacle flies out from the starspawn's body!
The starspawn tentacle constricts you.
A starspawn tentacle comes into view.
You hit the tentacled starspawn.
Flame seeps out of the tentacled starspawn.
The starspawn tentacle loses its grip on you.
The tentacled starspawn is lightly damaged.
You feel less invigorated.
You feel less confused.
The tentacled starspawn is engulfed in blazing flames.
Flame seeps out of the tentacled starspawn.
The tentacled starspawn bites you!!!
Ouch! That really hurt!
You die...

## # .. #..
.## #. .. .
..##. #.#
..#.#. ..
##.#.. .# .
#.#..w##.# #
. #..X@.#
≈..#
....##w#.##
§§..# # #
#......≈≈#
#.##...##≈≈#
## ###..## #
#........#
###....###
#.#.#..
...#....#


You could see a tentacled starspawn (inner flame) and 2 starspawn tentacles.

Vanquished Creatures (others)
  A starspawn tentacle (Abyss:1)
1 creature vanquished.

Notes
Turn   | Place    | Note
-------+----------+-------------------------------------------
     0 | Abyss:1  | meatgazer the Demonspawn Abyssal Knight began the quest for
                  | the Orb.
     0 | Abyss:1  | Reached XP level 1. HP: 18/18 MP: 2/2
   162 | Abyss:1  | Noticed a neqoxec
   207 | Abyss:1  | Noticed a tentacled starspawn
   213 | Abyss:1  | Demolished by a tentacled starspawn

Illustrated notes

Levels and vault maps discovered:
Abyss:1:  base: Temple, hangedman_shadowy_showcase, base: Temple,
          hangedman_eye_storm, gammafunk_corrupted_shrine

Action                   || total
-------------------------++-------
Melee: Mace              ||     1
  Use: Scroll            ||     2
       Potion            ||     2

Table legend: (Time is in decaauts)
 A = Elapsed time spent in this place.
 B = Non-inter-level travel time spent in this place.
 C = Inter-level travel time spent in this place.
 D = Time resting spent in this place.
 E = Time spent auto-exploring this place.
 F = Levels seen in this place.
 G = Mean time per level.
                   A        B        C        D        E       F      G
               +--------+--------+--------+--------+--------+-----+--------+
         Total |    213 |    213 |      0 |      0 |    183 |   1 |  213.0 |
         Abyss |    213 |    213 |      0 |      0 |    183 |   1 |  213.0 |
               +--------+--------+--------+--------+--------+-----+--------+

Top non-repeatable levels by time:
 Abyss:1: 213 daAuts
